 Dungeon Crawl Stone Soup version 0.18.1-5-g4a78601 (webtiles) character file.

124236 lightmor the Imperceptible (level 16, 0/120 HPs)
             Began as a Vampire Enchanter on May 11, 2016.
             Was a High Priest of Ru.
             Killed from afar by Nikola (19 damage)
             ... with a chain lightning
             ... on level 1 of the Spider Nest on May 12, 2016.
             The game lasted 02:29:52 (34635 turns).

lightmor the Imperceptible (Vampire Enchanter)     Turns: 34635, Time: 02:29:54

Health: 0/120      AC:  8    Str:  2    XL:     16   Next: 38%
Magic:  23/23      EV: 23    Int: 26    God:    Ru [*****.]
Gold:   701        SH:  0    Dex: 23    Spells: 6 memorised, 10 levels left

rFire  + + .     SeeInvis +     P - +0 quick blade of Strategic Superiority {flame, *Contam rF+ MR+ Int+4}
rCold  + . .     Gourm    .     M - +2 robe {MR+}
rNeg   + + +     Faith    .     (no shield)
rPois  +         Spirit   .     R - +0 hat
rElec  .         Dismiss  .     B - +0 cloak
rCorr  .         Reflect  .     x - +2 pair of gloves
SustAt .         Harm     .     (no boots)
MR     +++..                    y - amulet of magic regeneration
Stlth  ++++++++++               i - ring of Shadows {Umbra +Inv rN+ SInv}
                                O - ring "Imeg" {rF++ Str-5 Dex+6 Slay+3}

@: exhausted, extremely horrified, regenerating slowly, wreathed by umbra,
drained, extremely resistant to hostile enchantments, uncannily stealthy
A: fangs 3, see invisible, frail 1, unbreathing, cowardly, reduced EV 1,
temperature sensitive
a: Bat Form, Draw Out Power, Power Leap, Apocalypse, Renounce Religion, Evoke
Invisibility


You were on level 1 of the Spider Nest.
You worshipped Ru.
Ru was extremely pleased with you.
You were near bloodless.

You visited 5 branches of the dungeon, and saw 27 of its levels.
You also visited: Sewer, Bailey and Ice Cave.

You collected 2348 gold pieces.
You spent 1647 gold pieces at shops.

Inventory:

Hand Weapons
 P - the +0 quick blade of Strategic Superiority (weapon) {flame, *Contam rF+ MR+ Int+4}
   (You acquired it on level 7 of the Lair of Beasts)

   It has been specially enchanted to burn those struck by it, causing extra
   injury to most foes and up to half again as much damage against particularly
   susceptible opponents.
   It affects your intelligence (+4).
   It protects you from fire.
   It affects your resistance to hostile enchantments.
   It causes magical contamination when unequipped.
Armour
 x - a +2 pair of gloves (worn)
 B - a +0 cloak (worn)
 M - a +2 robe of magic resistance (worn)
 R - a +0 hat (worn)
Jewellery
 i - the ring of Shadows (right hand) {Umbra +Inv rN+ SInv}
   (You bought it in a shop on level 7 of the Dungeon)

   [ring of positive energy]

   It protects you from negative energy.
   It lets you see invisible.
   It lets you turn invisible.
 o - an uncursed amulet of regeneration
 y - an amulet of magic regeneration (around neck)
 O - the ring "Imeg" (left hand) {rF++ Str-5 Dex+6 Slay+3}
   (You bought it in a shop on level 7 of the Dungeon)

   [ring of slaying]

   It affects your strength (-5).
   It affects your dexterity (+6).
   It affects your accuracy and damage with ranged weapons and melee attacks
   (+3).
   It greatly protects you from fire.
 S - an uncursed ring of flight
 W - an uncursed ring of protection from cold
 Y - an uncursed ring of protection from fire
Wands
 b - a wand of teleportation (2/9)
 l - a wand of acid (6/15)
 m - a wand of digging (8/24)
 z - a wand of polymorph (24/24)
 J - a wand of hasting (5/9)
 U - a wand of lightning (8/15)
Scrolls
 a - a scroll of summoning
 f - 5 scrolls of teleportation
 g - 2 scrolls of identify
 r - a scroll of silence
 s - 5 scrolls of fear
 w - 2 scrolls of enchant armour
 E - a scroll of enchant weapon
 F - 6 scrolls of fog
 H - 5 scrolls of remove curse
 I - 2 scrolls of brand weapon
 K - 2 scrolls of amnesia
 X - a scroll of holy word
Potions
 d - 24 potions of blood
 h - 14 potions of curing
 j - 3 potions of cure mutation
 k - 5 potions of haste
 p - 2 potions of cancellation
 q - 3 potions of lignification
 t - a potion of magic
 v - a potion of ambrosia
 C - a potion of mutation
 D - a potion of brilliance
 L - 2 potions of agility
 N - a potion of heal wounds
 Q - 6 potions of might
 V - 3 potions of invisibility
 Z - a potion of resistance


   Skills:
 + Level 14.3(13.5) Fighting
 - Level 8.2(7.5) Short Blades
 + Level 13.6(12.8) Dodging
 * Level 22.4(21.5) Stealth
 - Level 4.7(4.1) Spellcasting
 + Level 0.2(0.0) Conjurations
 - Level 16.0(15.2) Hexes
 - Level 5.2(4.6) Evocations


You had 10 spell levels left.
You knew the following spells:

 Your Spells              Type           Power        Failure   Level  Hunger
a - Corona                Hex            ######.      0%          1    None
b - Ensorcelled Hibernat  Hex/Ice        ####..       1%          2    None
c - Confuse               Hex            ######..     1%          3    ##.....
d - Dazzling Spray        Conj/Hex       ####....     1%          3    ##.....
e - Tukima's Dance        Hex            ######..     1%          3    ##.....
f - Blink                 Tloc           N/A          14%         2    None


Dungeon Overview and Level Annotations

Branches:
Dungeon (15/15)            Temple (1/1) D:6            Lair (8/8) D:9
  Swamp (0/4) Lair:6       Spider (1/4) Lair:4        Slime (0/6) Lair:6
    Orc (2/2) D:10            Elf (0/3) Orc:2        Vaults (0/5) D:14
 Depths (0/5) D:15

Altars:
Ashenzari
Cheibriados
Dithmenos
Elyvilon
Fedhas
Gozag
Kikubaaqudgha
Makhleb
Nemelex Xobeh
Okawaru
Pakellas
Qazlal
Ru
Sif Muna
Trog
Vehumet
Xom
Yredelemnul
Zin
The Shining One
Beogh
Jiyva

Shops:
D:7 =   D:8 %   Orc:2 =**!

Portals:
Hell: Lair:8
Trove: D:15 (give 8 potions of haste)

Annotations:
D:4 BenSoosneb's ghost, amateur SpEn
D:14 exclusion: Roxanne, Roxanne
Lair:5 puimuR's ghost, journeyman TrWr
Spider:1 Nikola


Innate Abilities, Weirdness & Mutations

You heal slowly.
You have razor-sharp teeth.
You have supernaturally acute eyesight.
You are frail (-10% HP).
You can survive without breathing.
Your cowardice makes you less effective in combat with threatening monsters.
You have somewhat slow reflexes. (EV -3)
You are sensitive to extremes of temperature (rF-, rC-).


Message History

Press: ? - help, Shift-Dir - straight line, f/p - Nikola
Aim: Nikola, wielding a rapier of electrocution, wearing a cloak and wearing a pair of crude gloves (umbra, chance to defeat MR: 4%) Nikola resists with almost no effort.
You redirect the ghost moth's attack!
Nikola hits you with a rapier of electrocution!
* * * LOW HITPOINT WARNING * * *
You are electrocuted!
* * * LOW HITPOINT WARNING * * *
Read which item? (? for menu, Esc to quit)
Okay, then.
Drink which item? (? for menu, Esc to quit)
Okay, then.
You are restored by drawing out deep reserves of power within.
You feel drained.
Nikola gestures wildly while chanting.
You hear a mighty clap of thunder!
The lightning arc hits you!
* * * LOW HITPOINT WARNING * * *
The lightning arc hits the wolf spider.
The lightning arc hits you!
You die...

≈.................#
≈≈≈≈...(.........@..#..
≈≈..........^........#
≈.#≈................#
#.................s.#
#....................
#........[...........
#...@...............
##.@s...............
###..................
#....................
##................>
#.............!...
#≈.......y........
###..#..........
###......... .......


You could see Nikola, a ghost moth (invisible) and a wolf spider.

Vanquished Creatures
  Gastronok (Lair:2)
  Kirke (D:13)
  An orc warlord (Orc:2)
  Maud (D:12)
  3 dire elephants (Lair:8)
  Azrael (D:13)
  An ettin (D:15)
  A vault guard (D:14)
  Snorg (D:10)
  Josephine (D:11)
  The ghost of oplop the Cleaver, a journeyman MiGl of Okawaru (Lair:1)
  7 hydras
  Harold (Lair:1)
  A catoblepas (Lair:6)
  A death knight (D:15)
  6 centaur warriors
  An ogre mage (D:15)
  Erica (Orc:2)
  4 orc high priests (Orc:2)
  12 death yaks
  Sonja (D:13)
  2 deep elf knights
  A fire crab (Lair:6)
  A sun demon (Lair:8)
  2 skeletal warriors
  An unseen horror (D:13)
  An unseen horror (shapeshifter) (D:15)
  9 hill giants
  A phantasmal warrior (D:15)
  A wizard (Lair:8)
  A swamp dragon (Lair:6)
  The ghost of puimuR the Basher, a novice TrWr (D:5)
  Pikel (D:5)
  5 orc knights
  12 deep elf magi
  A wolf spider (Spider:1)
  4 orc sorcerers
  A griffon (Lair:6)
  13 ugly things
  3 cyclopes
  A sixfirhy (Lair:8)
  2 manticores (D:11)
  8 elephants
  A black mamba (shapeshifter) (D:14)
  Joseph (D:8)
  7 black mambas
  An orange demon (Lair:8)
  3 gargoyles
  A centaur skeleton (D:11)
  6 rime drakes
  A demonic crawler (Spider:1)
  A redback zombie (D:14)
  18 spiny frogs
  A kobold demonologist (D:11)
  An efreet (D:14)
  11 komodo dragons
  A tengu conjurer (D:15)
  A red devil (Lair:8)
  A freezing wraith (D:15)
  7 ice devils (Lair:8)
  10 trolls
  2 jumping spiders (Lair:4)
  2 two-headed ogres
  2 polar bears
  A two-headed ogre (shapeshifter) (D:14)
  16 blink frogs
  A boulder beetle (Lair:7)
  Sigmund (D:2)
  A shadow (D:14)
  8 redbacks
  5 wraiths
  3 centaur simulacra
  4 tarantellas (Spider:1)
  4 basilisks
  2 fire elementals (D:13)
  66 yaks
  A hog (D:13)
  2 hungry ghosts
  11 hippogriffs
  A wyvern (D:10)
  Edmund (D:5)
  5 wargs
  16 water moccasins
  21 porcupines
  3 hell hounds (D:13)
  3 black bears
  10 ice beasts
  A slave (D:5)
  Purgy (Sewer)
  34 orc warriors
  19 ogres
  3 phantoms (D:7)
  3 sky beasts
  31 centaurs
  15 crocodiles
  Blork the orc (D:6)
  3 big kobolds
  2 gnoll sergeants
  17 giant frogs
  8 scorpions
  8 killer bees
  5 wights (D:15)
  4 howler monkeys
  5 electric eels
  4 crimson imps
  A lava snake (Lair:1)
  A wyvern simulacrum (D:12)
  A giant frog zombie (D:11)
  2 quasits
  2 centaur zombies
  4 hounds
  3 jellies
  3 giant frog skeletons
  38 orc priests
  19 orc wizards
  11 iguanas
  14 worker ants
  A killer bee zombie (D:8)
  10 sheep
  A giant frog simulacrum (D:12)
  A worker ant zombie (D:9)
  17 adders
  15 gnolls
  A howler monkey skeleton (D:5)
  46 river rats
  4 shadow imps
  3 ufetubi (D:12)
  6 oozes
  An adder skeleton (D:5)
  7 worms
  5 dart slugs
  6 giant geckos
  90 orcs
  6 giant cockroaches
  6 goblins
  10 hobgoblins
  17 jackals
  4 quokkas
  2 ball pythons (D:5)
  2 bats
  A giant cockroach zombie (D:5)
  2 giant gecko skeletons (D:4)
  A giant gecko zombie (D:5)
  11 giant newts
  26 kobolds
  A quokka skeleton (D:7)
  12 rats
  A fungus (Lair:8)
964 creatures vanquished.

Vanquished Creatures (collateral kills)
  2 orcs (Orc:2)
2 creatures vanquished.

Vanquished Creatures (others)
  A deep elf mage (D:15)
  A dancing weapon (Orc:2)
  2 redbacks (Spider:1)
  2 howler monkeys (D:12)
  A river rat (Lair:2)
  An adder skeleton (D:5)
  2 orcs (Orc:2)
  A kobold (D:10)
  3 bushes (Lair:8)
  A fire vortex (Lair:1)
  33 fungi
  33 plants
81 creatures vanquished.

Grand Total: 1047 creatures vanquished

Notes
Turn   | Place    | Note
--------------------------------------------------------------
     0 | D:1      | lightmor the Vampire Enchanter began the quest for the Orb.
     0 | D:1      | Reached XP level 1. HP: 13/13 MP: 3/3
    35 | D:1      | Reached XP level 2. HP: 15/19 MP: 5/5
    47 | D:1      | Learned a level 2 spell: Ensorcelled Hibernation
   169 | D:1      | Reached skill level 5 in Stealth
   357 | D:1      | Reached skill level 5 in Hexes
   378 | D:1      | Reached XP level 3. HP: 12/24 MP: 2/6
  1199 | D:2      | Noticed Sigmund
  1246 | D:2      | Reached skill level 6 in Stealth
  1246 | D:2      | Reached XP level 4. HP: 28/30 MP: 4/7
  1254 | D:2      | Learned a level 3 spell: Confuse
  1488 | D:2      | Killed Sigmund
  1488 | D:2      | Reached XP level 5. HP: 19/35 MP: 3/9
  1816 | D:2      | Reached XP level 6. HP: 41/41 MP: 1/10
  2115 | D:2      | Reached skill level 7 in Stealth
  2289 | D:2      | Learned a level 3 spell: Dazzling Spray
  2999 | D:4      | Reached XP level 7. HP: 46/46 MP: 2/11
  3134 | D:4      | Reached skill level 8 in Stealth
  3310 | D:4      | Noticed BenSoosneb's ghost (amateur SpEn)
  4168 | D:4      | Found a glowing silver altar of Zin.
  4173 | D:4      | Found an opulent altar of Gozag.
  4175 | D:4      | Found a basalt altar of Yredelemnul.
  4175 | D:4      | Found a stormy altar of Qazlal.
  4175 | D:4      | Found a shimmering altar of Xom.
  4175 | D:4      | Found a sparkling altar of Nemelex Xobeh.
  4176 | D:4      | Found a burning altar of Makhleb.
  4180 | D:4      | Found an oddly glowing altar of Pakellas.
  4182 | D:4      | Found a snail-covered altar of Cheibriados.
  4183 | D:4      | Found an ancient bone altar of Kikubaaqudgha.
  4227 | D:5      | Entered Level 5 of the Dungeon
  4268 | D:5      | Noticed Pikel
  4271 | D:5      | Killed Pikel
  4271 | D:5      | Reached skill level 9 in Stealth
  4271 | D:5      | Reached XP level 8. HP: 57/57 MP: 9/12
  4281 | D:5      | Noticed puimuR's ghost (novice TrWr)
  4338 | D:5      | Killed puimuR's ghost
  4338 | D:5      | Reached skill level 5 in Dodging
  4354 | D:5      | Reached skill level 5 in Short Blades
  4563 | D:5      | Found a glowing drain.
  4578 | Sewer    | Entered a sewer
  4648 | Sewer    | Noticed Purgy
  4663 | Sewer    | Killed Purgy
  4948 | D:5      | Reached skill level 10 in Stealth
  5022 | D:5      | Noticed Edmund
  5024 | D:5      | Killed Edmund
  5024 | D:5      | Reached XP level 9. HP: 65/65 MP: 13/13
  5238 | D:6      | Found a staircase to the Ecumenical Temple.
  5238 | D:6      | Noticed Blork the orc
  5246 | D:6      | Killed Blork the orc
  5298 | Temple   | Entered the Ecumenical Temple
  5511 | Temple   | Became a worshipper of Ru the Awakened
  5745 | D:6      | Found a snail-covered altar of Cheibriados.
  6274 | D:7      | Found a glowing golden altar of the Shining One.
  6309 | D:7      | Reached skill level 5 in Fighting
  6341 | D:7      | Found Deney's Jewellery Emporium.
  6880 | D:7      | Gained mutation: You are frail (-10% HP). [Ru sacrifice]
  6973 | D:7      | Reached skill level 11 in Stealth
  7560 | D:7      | Learned a level 3 spell: Tukima's Dance
  7584 | D:8      | Noticed Joseph
  7598 | D:8      | Killed Joseph
  7598 | D:8      | Reached skill level 10 in Hexes
  7622 | D:8      | Reached XP level 10. HP: 68/68 MP: 8/14
  8045 | D:8      | Found a bloodstained altar of Trog.
  8352 | D:8      | Found Zofom's Food Boutique.
  8731 | D:9      | Found a staircase to the Lair.
  9127 | D:9      | Found a shadowy altar of Dithmenos.
  9127 | D:9      | Found a white marble altar of Elyvilon.
  9149 | D:9      | Gained mutation: You are sensitive to extremes of temperature (rF-, rC-). [Ru sacrifice]
  9149 | D:9      | Reached * piety under Ru
  9149 | D:9      | Reached ** piety under Ru
  9149 | D:9      | Reached *** piety under Ru
  9279 | D:10     | Entered Level 10 of the Dungeon
  9279 | D:10     | Noticed Snorg
  9282 | D:10     | Killed Snorg
  9282 | D:10     | Reached skill level 12 in Stealth
  9295 | D:10     | Found a flagged portal.
  9358 | Bailey   | Entered a bailey
  9365 | Bailey   | Noticed a deep elf mage
  9370 | Bailey   | Killed a deep elf mage
  9382 | Bailey   | Noticed a deep elf mage
  9384 | Bailey   | Noticed a deep elf mage
  9384 | Bailey   | Noticed a deep elf mage
  9384 | Bailey   | Noticed a deep elf mage
  9384 | Bailey   | Noticed a deep elf mage
  9384 | Bailey   | Noticed a deep elf mage
  9388 | Bailey   | Killed a deep elf mage
  9395 | Bailey   | Killed a deep elf mage
  9424 | Bailey   | Killed a deep elf mage
  9424 | Bailey   | Reached XP level 11. HP: 61/77 MP: 1/15
  9429 | Bailey   | Killed a deep elf mage
  9432 | Bailey   | Killed a deep elf mage
  9538 | Bailey   | Killed a deep elf mage
  9561 | Bailey   | Noticed a deep elf mage
  9561 | Bailey   | Noticed a deep elf mage
  9565 | Bailey   | Killed a deep elf mage
  9567 | Bailey   | Killed a deep elf mage
  9594 | Bailey   | Noticed a deep elf knight
  9619 | Bailey   | Killed a deep elf knight
  9877 | D:10     | Reached skill level 13 in Stealth
  9950 | D:10     | Noticed a hill giant
 10584 | D:10     | Found a staircase to the Orcish Mines.
 10609 | D:10     | Killed a hill giant
 10660 | Orc:1    | Entered Level 1 of the Orcish Mines
 11053 | Orc:2    | Entered Level 2 of the Orcish Mines
 11930 | Orc:2    | Noticed an orc warlord
 12058 | Orc:2    | Killed an orc warlord
 12058 | Orc:2    | Reached XP level 12. HP: 87/87 MP: 7/16
 12217 | Orc:2    | Gained mutation: You have somewhat slow reflexes. (EV -3) [Ru sacrifice]
 12217 | Orc:2    | Reached **** piety under Ru
 12230 | Orc:2    | Reached skill level 10 in Fighting
 12330 | Orc:2    | Noticed an orc high priest
 12443 | Orc:2    | Noticed an orc high priest
 12522 | Orc:2    | Killed an orc high priest
 12522 | Orc:2    | Reached skill level 14 in Stealth
 13086 | Orc:2    | Found a roughly hewn altar of Beogh.
 13464 | D:7      | Bought the ring "Imeg" {rF++ Str-5 Dex+6 Slay+3} for 1074 gold pieces
 13767 | Orc:2    | Killed an orc high priest
 13871 | Orc:2    | Found Torhuni's Assorted Antiques.
 13872 | Orc:2    | Noticed an orc high priest
 13981 | Orc:2    | Killed an orc high priest
 14229 | Orc:2    | Found a roughly hewn altar of Beogh.
 14246 | Orc:2    | Found Tetyhowi's Jewellery Shop.
 14246 | Orc:2    | Noticed an orc high priest
 14267 | Orc:2    | Killed an orc high priest
 14682 | Orc:2    | Found a staircase to the Elven Halls.
 14753 | Orc:2    | Paralysed by an orc sorcerer for 2 turns
 14763 | Orc:2    | Reached skill level 10 in Dodging
 14938 | Orc:2    | Found Egyn's Distillery.
 14987 | Orc:2    | Found Musiycsi's Assorted Antiques.
 15085 | Orc:2    | Reached skill level 15 in Stealth
 15391 | Orc:1    | Noticed Erica
 15416 | Orc:2    | Killed Erica
 15747 | Lair:1   | Entered Level 1 of the Lair of Beasts
 15760 | Lair:1   | Noticed oplop's ghost (journeyman MiGl)
 15986 | Lair:1   | Killed oplop's ghost
 15986 | Lair:1   | Reached XP level 13. HP: 80/95 MP: 13/17
 16160 | Lair:1   | Noticed Harold
 16170 | Lair:1   | Killed Harold
 17115 | Lair:2   | Noticed Gastronok
 18102 | Lair:2   | Killed Gastronok
 18511 | Lair:3   | Gained mutation: Your cowardice makes you less effective in combat with threatening monsters. [Ru sacrifice]
 18511 | Lair:3   | Reached ***** piety under Ru
 19185 | Lair:4   | Reached skill level 16 in Stealth
 19232 | Lair:4   | Found a hole to the Spider Nest.
 20392 | Lair:5   | Learned a level 2 spell: Blink
 20880 | Lair:5   | Noticed puimuR's ghost (journeyman TrWr)
 20891 | Lair:6   | Found a staircase to the Slime Pits.
 20900 | Lair:6   | Found a viscous altar of Jiyva.
 21186 | Lair:6   | Found a staircase to the Swamp.
 21263 | Lair:6   | Reached XP level 14. HP: 104/104 MP: 13/18
 21382 | Lair:6   | Reached skill level 17 in Stealth
 21382 | Lair:6   | Reached skill level 15 in Hexes
 22797 | Lair:7   | Reached skill level 18 in Stealth
 23211 | Lair:7   | Identified a scroll of acquirement
 23212 | Lair:7   | Got a crystal quick blade
 23213 | Lair:7   | Identified the +0 quick blade of Strategic Superiority {flame, *Contam rF+ MR+ Int+4} (You acquired it on level 7 of the Lair of Beasts)
 23247 | Lair:8   | Entered Level 8 of the Lair of Beasts
 24966 | Lair:8   | Found a burning altar of Makhleb.
 25219 | D:7      | Bought the ring of Shadows {Umbra +Inv rN+ SInv} for 573 gold pieces
 25965 | Lair:8   | Reached skill level 19 in Stealth
 26475 | Lair:8   | Reached skill level 1 in Evocations
 26644 | Lair:8   | HP: 4/106 [death yak (5)]
 27406 | Lair:8   | Reached XP level 15. HP: 55/111 MP: 17/19
 28483 | Lair:8   | Found a gateway to Hell.
 28486 | Lair:8   | Reached skill level 20 in Stealth
 28524 | Lair:8   | Identified the Almanac of Warped Intoxication
 29269 | D:11     | Noticed Josephine
 29276 | D:11     | Killed Josephine
 29817 | D:12     | Found a frozen archway.
 29827 | IceCv    | Entered an ice cave
 29970 | D:12     | Noticed Maud
 29975 | D:12     | Killed Maud
 30958 | D:13     | Found a white marble altar of Elyvilon.
 30963 | D:13     | Noticed Sonja
 30971 | D:13     | Killed Sonja
 31141 | D:13     | Noticed Kirke
 31144 | D:13     | Killed Kirke
 31610 | D:13     | Noticed Azrael
 31613 | D:13     | Killed Azrael
 31745 | D:14     | Reached skill level 21 in Stealth
 31901 | D:14     | Noticed Roxanne
 32309 | D:14     | Reached skill level 5 in Evocations
 32323 | D:14     | Found a gate to the Vaults.
 32375 | D:14     | Reached XP level 16. HP: 92/119 MP: 23/23
 32478 | D:15     | Entered Level 15 of the Dungeon
 32648 | D:15     | Found a portal to a secret trove of treasure.
 33094 | D:15     | Found a staircase to the Depths.
 33386 | D:15     | Reached skill level 22 in Stealth
 33997 | Spider:1 | Entered Level 1 of the Spider Nest
 34025 | Spider:1 | Noticed Nikola
 34634 | Spider:1 | HP: 3/120 [Nikola/rapier of electrocution (15)]
 34635 | Spider:1 | Killed from afar by Nikola

Skill      XL: |  1  2  3  4  5  6  7  8  9 10 11 12 13 14 15 16 |
---------------+-------------------------------------------------+-----
Stealth        | 5 6 7 9 10 11 12 13 15 16 19 21 22 | 22.4
Hexes          | 5 6 7 8 10 11 12 13 14 16 | 16.0
Short Blades   | 2 3 4 5 6 7 8 |  8.2
Dodging        | 3 4 5 6 7 9 10 11 12 13 | 13.6
Fighting       | 2 4 6 7 9 11 12 13 14 | 14.3
Evocations     | 1 5 |  5.2
Spellcasting   | 4 |  4.7
Conjurations   | |  0.2

Action                   |  1- 3 |  4- 6 |  7- 9 | 10-12 | 13-15 | 16-18 || total
-------------------------+-------+-------+-------+-------+-------+-------++-------
Melee: Dagger            |    69 |   119 |   289 |   608 |   518 |       ||  1603
       Bite              |     4 |     5 |    25 |    37 |   178 |    15 ||   264
       Unarmed           |       |       |     1 |       |       |       ||     1
       Quick blade       |       |       |       |       |  1111 |   194 ||  1305
 Cast: Ensorcelled Hiber |    23 |    44 |    70 |   235 |   314 |    55 ||   741
       Confuse           |       |     4 |    30 |    46 |    81 |    20 ||   181
       Corona            |       |     1 |       |       |       |       ||     1
       Dazzling Spray    |       |       |       |     4 |   124 |    15 ||   143
       Tukima's Dance    |       |       |       |     6 |       |       ||     6
       Blink             |       |       |       |       |     3 |       ||     3
Invok: Sacrifice Health  |       |       |     1 |     1 |       |       ||     2
       Sacrifice Resista |       |       |       |     1 |       |       ||     1
       Draw Out Power    |       |       |       |     3 |     8 |     3 ||    14
       Reject Sacrifices |       |       |       |       |     4 |       ||     4
       Sacrifice Courage |       |       |       |       |     1 |       ||     1
       Apocalypse        |       |       |       |       |     1 |       ||     1
 Abil: End Transformatio |       |       |     1 |       |       |       ||     1
       Bat Form          |       |       |     1 |       |       |       ||     1
Evoke: Wand              |       |       |       |       |     3 |       ||     3
  Use: Scroll            |     6 |     1 |     9 |    15 |    21 |     2 ||    54
       Potion            |       |       |     2 |     2 |     3 |     1 ||     8
 Stab: Sleeping          |    27 |    42 |    62 |   180 |   281 |    34 ||   626
       Confused          |       |     1 |    16 |    19 |    32 |    15 ||    83
       Invisible         |       |       |       |    10 |    66 |    12 ||    88
       Distracted        |       |       |       |       |    30 |     3 ||    33
       Paralysed         |       |       |       |       |     2 |     1 ||     3
Armor: Robe              |     8 |    20 |    40 |   102 |   115 |    12 ||   297
Dodge: Dodged            |    43 |    91 |   147 |   432 |   998 |   178 ||  1889
